 Dungeon Crawl Stone Soup version 0.24.1-11-gbbbb2193e6 (webtiles) character file.

Game seed: 8709008926371192420, levelgen mode: deterministic

886 Mrkan the Cudgeler (level 8, 0/76 HPs)
             Began as a Kobold Berserker on May 14, 2020.
             Was a Priest of Trog.
             Slain by Prince Ribbit (14 damage)
             ... on level 5 of the Dungeon.
             The game lasted 00:07:36 (5523 turns).

Mrkan the Cudgeler (Kobold Berserker)               Turns: 5523, Time: 00:07:37

Health: 0/76       AC:  7    Str: 21    XL:     8   Next: 26%
Magic:  8/8        EV: 16    Int:  9    God:    Trog [***...]
Gold:   251        SH:  0    Dex: 14    Spells: 7/7 levels left

rFire    . . .     SeeInvis .   a - +0 mace
rCold    . . .     Gourm    .   (shield restricted)
rNeg     . . .     Faith    .   i - +0 ring mail
rPois    .         Spirit   .   b - +0 helmet
rElec    .         Reflect  .   (no cloak)
rCorr    .         Harm     .   (no gloves)
MR       ++...                  j - +0 pair of boots
Stlth    ..........             (no amulet)
HPRegen  1.22/turn              (no ring)
MPRegen  0.11/turn              (no ring)

@: berserking, regenerating, very quick
A: small, carnivore
a: Berserk, Trog's Hand, Renounce Religion


You were on level 5 of the Dungeon.
You worshipped Trog.
Trog was most pleased with you.
You were very full.

You visited 1 branch of the dungeon, and saw 6 of its levels.
You also visited: Ossuary.

You collected 251 gold pieces.

Inventory:

Hand Weapons
 a - a +0 mace (weapon)
 g - a +0 hunting sling
Armour
 b - a +0 helmet (worn)
 i - a +0 ring mail (worn)
 j - a +0 pair of boots (worn)
Jewellery
 n - a +6 ring of evasion {unknown}
 v - an uncursed ring of wizardry {unknown}
Wands
 o - a wand of scattershot (7)
 q - a wand of polymorph (6)
 w - a wand of acid (9)
Scrolls
 d - 8 scrolls of identify {unknown}
 f - a scroll of random uselessness {unknown}
 k - 5 scrolls of remove curse {unknown}
 p - a scroll of amnesia {unknown}
 r - 2 scrolls of blinking {unknown}
 s - a scroll of enchant armour {unknown}
 t - a scroll of enchant weapon {unknown}
 u - a scroll of teleportation {unknown}
 x - 2 scrolls of magic mapping {unknown}
 y - a scroll of fear {unknown}
Potions
 e - a potion of haste {unknown}
 h - 2 potions of curing {unknown}
 l - a potion of heal wounds {unknown}
 m - a potion of might {unknown}
 z - a potion of ambrosia {unknown}
 A - a potion of magic {unknown}
 B - a potion of brilliance {unknown}
 C - a potion of resistance {unknown}
 D - a potion of mutation {unknown}
Comestibles
 c - 8 rations


   Skills:
 + Level 5.8 Fighting
 * Level 6.3 Maces & Flails
 - Level 1.5 Armour
 + Level 5.7 Dodging


You had 7 spell levels left.
You didn't know any spells.
Your spell library was empty.

Dungeon Overview and Level Annotations

Branches:
Dungeon (6/15)            Ossuary (visited)
 Temple: D:4-7

Altars:
Qazlal
Ru
Sif Muna

Shops:
D:4 [

Annotations:
D:5 Prince Ribbit
D:6 Grinder


Innate Abilities, Weirdness & Mutations

You are small and have problems with some larger weapons.
You are carnivorous and can eat meat at any time.


Message History

Prince Ribbit blinks!
Your ring mail prevents you from hitting the crimson imp.
The crimson imp blinks!
There is a stone staircase leading down here.
Prince Ribbit hits you! Prince Ribbit closely misses you.
Prince Ribbit misses you.
The crimson imp blinks!
Okay, then.
Your skin crawls.
You feel resistant to hostile enchantments.
You feel somewhat less full. Prince Ribbit hits you!
* * * LOW HITPOINT WARNING * * *
A red film seems to cover your vision as you go berserk!
You feel yourself moving faster!
You feel mighty! Prince Ribbit misses you.
Prince Ribbit hits you but does no damage.
You thump Prince Ribbit!
Prince Ribbit is moderately wounded.
You barely miss Prince Ribbit.
Prince Ribbit is moderately wounded.
Prince Ribbit hits you!
You die...

##########
##........#
##.....(...# #####
#..........###....
#>.........'......
#.##.......###....
#F##.......#.....#
###@#######.##.###.#
#...................
#.####..###.##.####.
#.# ##......#....'.
#.# #.####.######.
#.# ###....#.#### #.
#.# #(..##.#....# #.
#.###)...#.#....# ##
#......_........####


You could see Prince Ribbit.

Vanquished Creatures
  A wraith (Ossuary)
  Menkaure (D:4)
  A scorpion (D:5)
  A crimson imp (D:5)
  3 hounds (D:5)
  2 orc priests
  5 orc wizards (D:5)
  Ijyb (D:3)
  3 worker ants
  A mummy (Ossuary)
  3 adders
  4 oozes
  An adder skeleton (D:4)
  A worm (D:2)
  2 dart slugs
  3 leopard geckos
  14 orcs
  A ball python (D:3)
  4 giant cockroaches
  7 goblins
  7 hobgoblins
  3 jackals (D:3)
  8 kobolds
  2 bats
  4 frilled lizards
  5 gnoll skeletons (Ossuary)
  7 kobold skeletons (Ossuary)
  13 orc skeletons (Ossuary)
  8 rats
  A rat zombie (D:5)
117 creatures vanquished.

Notes
Turn   | Place    | Note
-------+----------+-------------------------------------------
     0 | D:1      | Mrkan the Kobold Berserker began the quest for the Orb.
     0 | D:1      | Reached XP level 1. HP: 14/14 MP: 1/1
   174 | D:1      | Reached XP level 2. HP: 19/19 MP: 2/2
   190 | D:1      | Reached skill level 3 in Maces & Flails
   380 | D:1      | Reached XP level 3. HP: 15/23 MP: 3/3
   936 | D:2      | Reached ** piety under Trog
  1169 | D:3      | Reached XP level 4. HP: 17/29 MP: 4/4
  2072 | D:3      | Reached skill level 4 in Maces & Flails
  2072 | D:3      | Reached XP level 5. HP: 28/33 MP: 5/5
  2315 | D:3      | Noticed Ijyb
  2322 | D:3      | Killed Ijyb
  2705 | D:4      | Noticed Menkaure
  2714 | D:4      | Killed Menkaure
  2714 | D:4      | Reached XP level 6. HP: 15/39 MP: 6/6
  3170 | D:4      | Found Negiunuo's Armour Shoppe.
  3853 | D:5      | Entered Level 5 of the Dungeon
  3940 | D:5      | Reached skill level 5 in Maces & Flails
  3940 | D:5      | Reached XP level 7. HP: 22/44 MP: 7/7
  3964 | D:5      | Reached skill level 5 in Fighting
  4134 | D:5      | Found a sand-covered staircase.
  4137 | Ossuary  | Entered an ossuary
  4137 | Ossuary  | Noticed a wraith
  4137 | Ossuary  | Noticed a wraith
  4137 | Ossuary  | Noticed a wraith
  4347 | Ossuary  | Noticed a wraith
  4380 | Ossuary  | Killed a wraith
  4380 | Ossuary  | Reached skill level 5 in Dodging
  4637 | Ossuary  | Reached *** piety under Trog
  4799 | D:5      | Reached skill level 6 in Maces & Flails
  4799 | D:5      | Reached XP level 8. HP: 32/50 MP: 8/8
  5364 | D:5      | Found a shimmering blue altar of Sif Muna.
  5366 | D:5      | Found a sacrificial altar of Ru.
  5435 | D:5      | Found a stormy altar of Qazlal.
  5508 | D:6      | Noticed Grinder
  5508 | D:6      | Noticed Prince Ribbit
  5523 | D:5      | Slain by Prince Ribbit

Levels and vault maps discovered:
D:1:      lemuel_arrival_broad_hall, layout_basic
D:2:      layout_rooms, corexii_leaking_fountain, grunt_decor_mini_mirrors,
          nrook_mini_vaults
D:3:      layout_basic, first_ration, hangedman_decor_slide_cut, uniq_ijyb
D:4:      layout_cave_pods, serial_shops, nicolae_shop_behind_doors,
          uniq_menkaure
D:5:      layout_basic, nicolae_overflow_crystal_walls,
          chequers_temple_overflow_statue_of_worship, enter_ossuary_3
D:6:      layout_cave_pods, kiku_gazebo_garden_becter, serial_shops,
          kennysheep_mini_moat, minivault_5, grunt_gozag_statues, uniq_edmund,
          uniq_grinder, uniq_prince_ribbit1

Skill      XL: |  1  2  3  4  5  6  7 |
---------------+----------------------+-----
Maces & Flails | 3 4 5 6 |  6.3
Dodging        | 3 4 5 |  5.7
Fighting       | 4 5 |  5.8
Armour         | |  1.5

Action                   |  1- 3 |  4- 6 |  7- 9 || total
-------------------------+-------+-------+-------++-------
Melee: Mace              |    83 |   120 |   208 ||   411
Invok: Berserk           |       |     3 |     4 ||     7
       Trog's Hand       |       |     2 |     3 ||     5
 Stab: Sleeping          |     1 |       |       ||     1
  Eat: Chunk             |     9 |     7 |    15 ||    31
Armor: Ring mail         |    25 |    32 |    62 ||   119
Dodge: Dodged            |    73 |   106 |   176 ||   355
